 Dungeon Crawl Stone Soup version 0.31-a0-237-g2d982f9f85 (webtiles) character file.

Game seed: 12766162125486902123

107 qw the Shooter (level 4, -3/26 HPs)
             Began as a Gargoyle Hexslinger on July 10, 2023.
             Slain by Sigmund
             ... wielding a +2 scythe of distortion
              (4 damage)
             ... on level 3 of the Dungeon.
             The game lasted 00:00:55 (2038 turns).

qw the Shooter (Gargoyle Hexslinger)                Turns: 2038, Time: 00:00:56

Health: -3/26      AC: 12    Str: 12    XL:     4   Next: 86%
Magic:  5/5        EV: 10    Int: 13    God:
Gold:   115        SH:  0    Dex: 14    Spells: 4/5 levels left

rFire   + . .        Y - +1 sling
rCold   . . .        (no shield)
rNeg    + . .        h - +0 ring mail
rPois   inf          g - +2 helmet
rElec   +            a - +0 cloak
rCorr   .            (no gloves)
SInv    .            (no boots)
Will    .....        (no amulet)
Stlth   +            c - ring of protection from fire
HPRegen 0.24/turn    (no ring)
MPRegen 0.09/turn

%: no passive effects
@: about to teleport
A: sickness immunity, AC +3, negative energy resistance 1, electricity
resistance, torment resistance 1, petrification resistance
a: no special abilities


You were on level 3 of the Dungeon.
You visited 1 branch of the dungeon, and saw 3 of its levels.

You collected 115 gold pieces.


Innate Abilities, Weirdness & Mutations

You are immune to sickness and miasma.
Your stone body is resilient. (AC +3)
You are immune to poison.
You resist negative energy. (rN+)
You are resistant to electric shocks. (rElec)
You are resistant to unholy torment.
You are immune to petrification.


   Skills:
 - Level 2.1 Fighting
 + Level 4.3 Ranged Weapons
 - Level 1.0 Armour
 - Level 1.5 Dodging
 - Level 1.0 Spellcasting
 - Level 2.6 Hexes


You had 4 spell levels left.
You knew the following spells:

 Your Spells              Type           Power      Damage    Failure   Level
a - Slow                  Hex            28%        N/A       22%         1

Your spell library contained the following spells:

 Spells                   Type           Power      Damage    Failure   Level
 Inner Flame              Hex/Fire       4%         N/A       73%         3
 Portal Projectile        Hex/Tloc       8%         N/A       73%         3
 Cause Fear               Hex            3%         N/A       91%         4

Inventory:

Hand Weapons
 Y - a +1 sling (weapon)
Armour
 a - a +0 cloak (worn)
 g - a +2 helmet (worn)
 h - a +0 ring mail (worn)
Jewellery
 c - a ring of protection from fire (left hand)
 j - a ring of fire
 k - a ring of flight
 n - a +6 ring of strength
 o - a ring of willpower
Scrolls
 b - a scroll of brand weapon {unknown}
 e - a scroll of immolation {unknown}
 p - a scroll of enchant armour {unknown}
Potions
 d - a potion of heal wounds
 f - a potion of haste {unknown}
 i - a potion of degeneration {unknown}
 m - a potion of enlightenment {unknown}

Dungeon Overview and Level Annotations

Branches:
Dungeon (3/15)

Altars:
Dithmenos
Hepliaklqana

Annotations:
D:3 Sigmund


Message History

The sling bullet hits Sigmund but does no damage.
Sigmund is lightly wounded.
Sigmund hits you with a +2 scythe of distortion.
You blink.
A quokka comes into view.
Enter note:
Enter note:
Enter note:
Enter note:
Enter note:
Enter note:
Enter note:
Enter note:
Enter note: You shoot a sling bullet.
The sling bullet hits the quokka but does no damage.
2034 ||| Stepping ~*~*~tactically~*~*~ (outnumbered).
Found a scroll labelled ILOSTR SAEQOLOU.
Enter note:
Enter note:
Enter note:
Enter note:
Enter note:
Enter note:
Enter note:
Enter note:
Enter note: You shoot a sling bullet.
The sling bullet hits the quokka.
You kill the quokka!
You start resting.
Sigmund is nearby!
You shoot a sling bullet. The sling bullet barely misses Sigmund.
Sigmund hits you from afar with a +2 scythe of distortion.
Space warps around you.
2038 ||| READING scroll of teleportation.
As you read the scroll of teleportation, it crumbles to dust.
You feel strangely unstable.
Sigmund hits you from afar with a +2 scythe of distortion.
Space warps around you.
You die...

#.##.####.# #)#
##.##....##.#
...#.####.#####.#
##.#>#..####.##
#..#.##.........#
#.###...###.)..
#..)....#.########.##
##........#
..##.####.#
#@.###.....#.#.#
####......#
#.#........#.#.#
########
#.#.#........#.#
####@##.#.....#.#.#
#.@.....##....#.#.#
#.##%##.##........#
#? .# ##.....#.. #.
.. #.....#.# #. #.#
#.....# # #. .. #...
.# ## ..# #.#


You could see Sigmund.

Vanquished Creatures
  An orc wizard (D:3)
  3 adders
  5 orcs (D:3)
  4 endoplasms
  3 giant cockroaches
  5 goblins
  4 hobgoblins
  6 kobolds
  2 quokkas
  4 ball pythons
  4 bats
  4 frilled lizards
  6 rats
51 creatures vanquished.

Notes
Turn   | Place    | Note
-------+----------+-------------------------------------------
     0 | D:1      | qw the Gargoyle Hexslinger began the quest for the Orb.
     0 | D:1      | Reached XP level 1. HP: 12/12 MP: 2/2
     0 | D:1      | 0 ||| qw: Version: 0.3-a-52-g30416fa
     0 | D:1      | 0 ||| qw: Game counter: 5042
     0 | D:1      | 0 ||| qw: Melee chars always use a shield: true
     0 | D:1      | 0 ||| qw: God list: Okawaru
     0 | D:1      | 0 ||| qw: Allow faded altars: false
     0 | D:1      | 0 ||| qw: Do Orc after clearing Dungeon:15 true
     0 | D:1      | 0 ||| qw: Do second Lair branch before Depths: true
     0 | D:1      | 0 ||| qw: Lair rune preference: random
     0 | D:1      | 0 ||| qw: Goals: Normal
     0 | D:1      | 0 ||| PLANNING D:1-11
   158 | D:1      | Reached XP level 2. HP: 16/16 MP: 3/3
   224 | D:1      | Reached skill level 3 in Ranged Weapons
   426 | D:1      | 426 ||| UPGRADING to +2 helmet.
   431 | D:1      | 431 ||| UPGRADING to +0 ring mail.
   441 | D:1      | 441 ||| DROPPING +0 robe.
   442 | D:1      | 442 ||| READING scroll labelled JAMIES VUYNKE.
   443 | D:1      | 443 ||| DRINKING 2 fuming inky potions.
   444 | D:1      | 444 ||| DRINKING 2 sedimented purple potions.
   445 | D:1      | 445 ||| DROPPING scroll of poison.
   446 | D:1      | 446 ||| DROPPING potion of invisibility.
   631 | D:2      | Reached XP level 3. HP: 21/21 MP: 4/4
   838 | D:2      | Reached skill level 1 in Armour
  1400 | D:2      | 1400 ||| UPGRADING to +0 cloak.
  1405 | D:2      | 1405 ||| UPGRADING to ring of protection from fire.
  1406 | D:2      | 1406 ||| READING scroll labelled INIANK RUETWO.
  1409 | D:2      | 1409 ||| READING scroll labelled AGYOWU VESURI.
  1410 | D:2      | 1410 ||| READING scroll labelled DOBUDO MIFUO.
  1411 | D:2      | 1411 ||| READING 2 scrolls labelled WIJOUL YGEAVYWK.
  1412 | D:2      | 1412 ||| DRINKING 2 golden potions.
  1431 | D:2      | 1431 ||| DROPPING potion of lignification.
  1432 | D:2      | 1432 ||| DROPPING scroll of fog.
  1475 | D:3      | 1475 ||| FLEEEEING.
  1476 | D:3      | 1476 ||| FLEEEEING.
  1477 | D:3      | 1477 ||| FLEEEEING.
  1478 | D:3      | 1478 ||| FLEEEEING.
  1483 | D:3      | 1483 ||| FLEEEEING.
  1484 | D:3      | 1484 ||| FLEEEEING.
  1485 | D:3      | 1485 ||| FLEEEEING.
  1487 | D:3      | 1487 ||| FLEEEEING.
  1488 | D:3      | 1488 ||| FLEEEEING.
  1489 | D:3      | 1489 ||| FLEEEEING.
  1490 | D:3      | 1490 ||| STAIRDANCE
  1533 | D:2      | 1533 ||| READING scroll labelled ADOWKIV JAEV.
  1541 | D:3      | Reached XP level 4. HP: 26/26 MP: 5/5
  1574 | D:3      | Found a faded altar of an unknown god.
  1621 | D:3      | Reached skill level 4 in Ranged Weapons
  1706 | D:3      | Found a hazy altar of Hepliaklqana.
  1886 | D:3      | Found a shadowy altar of Dithmenos.
  2013 | D:3      | Noticed Sigmund
  2034 | D:3      | 2034 ||| Stepping ~*~*~tactically~*~*~ (outnumbered).
  2037 | D:3      | HP: 6/26 [Sigmund/+2 scythe of distortion (3)]
  2038 | D:3      | 2038 ||| READING scroll of teleportation.
  2038 | D:3      | HP: 1/26 [Sigmund/+2 scythe of distortion (5)]
  2038 | D:3      | Slain by Sigmund

Levels and vault maps discovered:
D:1:      dpeg_arrival_round_a, layout_rooms
D:2:      layout_loops_corners, kennysheep_flooded_box, minmay_tetromino_s4
D:3:      layout_loops_cross, grunt_dithmenos_smoke,
          mainiacjoe_overflow_catwalk, dreamdust_ecumenical_altar_statues,
          uniq_sigmund

Skill      XL: |  1  2  3  4 |
---------------+-------------+-----
Ranged Weapons | 3 4 |  4.3
Fighting       | 2 |  2.1
Armour         | 1 |  1.0
Dodging        | |  1.5
Spellcasting   | |  1.0
Hexes          | |  2.6

Action                     |  1- 3 |  4- 6 || total
---------------------------+-------+-------++-------
   Fire: Sling             |   125 |    58 ||   183
    Use: Potion            |     3 |       ||     3
         Scroll            |     6 |     1 ||     7
 Armour: Robe              |    13 |       ||    13
         Ring mail         |    36 |    12 ||    48
  Dodge: Dodged            |    35 |     8 ||    43

Table legend:
 A = Non-vault XP
 B = Vault XP
 C = Vault XP percentage of total XP
 D = Non-vault monster count
 E = Vault monster count
 F = Vault count percentage of total count
                 A         B        C        D         E       F
            +---------+---------+-------+---------+---------+-------
      Total |     150 |       4 |   2.6 |      49 |       2 |   3.9
            +---------+---------+-------+---------+---------+-------
        D:1 |      20 |       0 |   0.0 |      15 |       0 |   0.0
        D:2 |      53 |       4 |   7.0 |      18 |       2 |  10.0
        D:3 |      77 |       0 |   0.0 |      16 |       0 |   0.0
            +---------+---------+-------+---------+---------+-------
